 Dungeon Crawl Stone Soup version 0.31-a0-460-g9e667d4245 (webtiles) character file.

Game seed: 14908440031977030034

5678 Gelion the Mimic (level 10, -12/85 HPs)
             Began as an Octopode Shapeshifter on Aug 5, 2023.
             Was an Initiate of Gozag.
             Killed by the air
             ... invoked by Gastronok
              (25 damage)
             ... on level 10 of the Dungeon.
             The game lasted 00:23:22 (10506 turns).

Gelion the Mimic (Octopode Shapeshifter)           Turns: 10506, Time: 00:23:23

Health: -12/85     AC:  9    Str: 20    XL:     10   Next: 75%
Magic:  10/10      EV: 10    Int: 10    God:    Gozag
Gold:   527        SH:  0    Dex: 17    Spells: 9/9 levels left

rFire   . .          .
                       - Unarmed
rCold   . . .        x - melded +2 buckler {reflect}
rNeg    . . .        (helmet currently unavailable)
rPois   +            c - amulet of magic regeneration
rElec   .            h - ring of resist corrosion
rCorr   +            t - ring of poison resistance
SInv    .            z - ring of flight
Will    +....        i - ring of willpower
Stlth   ++           (no ring)
HPRegen 0.34/turn    (no ring)
MPRegen 0.52/turn    (no ring)
                     (no ring)

%: no passive effects
@: snake-form, flying
A: constrict, boosted hp, almost no armour, amphibious, 8 rings, large,
(camouflage 1), (gelatinous body 1), (nimble swimmer 1), (tentacles)
a: Begin Untransformation, Renounce Religion, Potion Petition, Call Merchant,
Bribe Branch


You were on level 10 of the Dungeon.
You worshipped Gozag.
Gozag was pleased with you.
You were an enormous anaconda.
You visited 2 branches of the dungeon, and saw 11 of its levels.
You also visited: Sewer.

You collected 1439 gold pieces.
You spent 135 gold pieces at shops.
You paid 777 gold pieces to Gozag.

Inventory:

Missiles
 e - 4 throwing nets
Armour
 x - a +2 buckler of reflection (melded)
 E - a +1 hat
Jewellery
 c - an amulet of magic regeneration (around neck)
 h - a ring of resist corrosion (left tentacle)
 i - a ring of willpower (on tentacle)
 t - a ring of poison resistance (right tentacle)
 z - a ring of flight (on tentacle)
Talismans
 b - a beast talisman
 y - a serpent talisman (active)
Wands
 a - a wand of iceblast (13)
 o - a wand of polymorph (18)
Scrolls
 d - 2 scrolls of immolation
 j - 2 scrolls of amnesia
 l - a scroll of blinking
 m - a scroll of enchant armour
 u - a scroll of poison
 w - 2 scrolls of teleportation
 C - 2 scrolls of identify
 D - a scroll of revelation
 F - a scroll of brand weapon {unknown}
Potions
 f - 2 potions of resistance
 g - 7 potions of curing
 k - 3 potions of berserk rage
 n - a potion of heal wounds
 p - 2 potions of cancellation
 q - a potion of ambrosia
 r - 2 potions of haste
 s - 3 potions of enlightenment
 v - 2 potions of lignification
 A - 3 potions of attraction
 B - 2 potions of mutation


   Skills:
 + Level 7.6 Fighting
 - Level 2.0 Dodging
 - Level 4.0 Shields
 + Level 8.2 Unarmed Combat
 * Level 9.6 Shapeshifting


You had 9 spell levels left.
You didn't know any spells.
Your spell library contained the following spells:

 Spells                   Type           Power      Damage    Failure   Level
 Foxfire                  Conj/Fire      0%         2x1d4     36%         1
 Blink                    Tloc           0%         N/A       50%         2
 Lesser Beckoning         Tloc           0%         N/A       50%         2
 Momentum Strike          Conj/Tloc      0%         3d8       50%         2
 Dazzling Flash           Conj/Hex       0%         N/A       75%         3
 Agony                    Necr           0%         N/A       100%        5
 Silence                  Hex/Air        0%         N/A       100%        5
 Plasma Beam              Fire/Air       0%         2x1d10    100%        6
 Starburst                Conj/Fire      0%         6d3       100%        6
 Haunt                    Necr/Summ      0%         N/A       100%        7
 Infestation              Necr           0%         N/A       100%        8
 Animate Dead             Necr           Unusable   N/A       N/A         4

Dungeon Overview and Level Annotations

Branches:
Dungeon (10/15)            Temple (1/1) D:6             Orc (0/2) D:9
  Sewer (visited)
   Lair: D:8-11

Altars:
Ashenzari
Cheibriados
Dithmenos
Elyvilon
Fedhas
Gozag
Hepliaklqana
Kikubaaqudgha
Makhleb
Nemelex Xobeh
Okawaru
Qazlal
Ru
Sif Muna
Trog
Uskayaw
Vehumet
Wu Jian
Xom
Yredelemnul
Zin

Shops:
D:1 [   D:9 :(

Annotations:
D:7 1 runed translucent door, 1 exclusion
D:10 Gastronok


Innate Abilities, Weirdness & Mutations

You are an enormous anaconda.
You have a powerful constriction melee attack.
Your maximum health is increased.
Your armour is entirely melded.
You are incapable of wielding weapons or throwing items.
You cannot wear most types of armour.
You are amphibious.
You can wear up to eight rings at the same time.
((Your skin changes colour to match your surroundings (Stealth+).))
((Your rubbery body absorbs attacks. (AC +1, EV +1)))
((You are camouflaged when in or above water. (Stealth+)))
((You have tentacles for arms and can constrict up to eight enemies at once.))


Message History

There is an open door here.
Gastronok closely misses you.
You body-slam Gastronok!!
Gastronok is lightly wounded.
The shadow slips into darkness.
The shadow flickers and vanishes!
Deactivating autopickup; reactivate with Ctrl-A.
You hit Gastronok but do no damage.
Gastronok is lightly wounded.
You body-slam Gastronok!!
Gastronok is moderately wounded.
Gastronok barely misses you.
You lash Gastronok!
Gastronok is moderately wounded.
You hit Gastronok.
Gastronok is moderately wounded.
Gastronok waves his eye-stalks in wide circles.
The air twists around and strikes you!!!
You hit Gastronok.
Gastronok is moderately wounded.
You hit Gastronok.
Gastronok is moderately wounded.
You lash Gastronok!
Gastronok is heavily wounded.
The shadow strikes at you from the darkness!
Reactivating autopickup.
Gastronok bites you!!
* * * LOW HITPOINT WARNING * * *
You lash Gastronok!
Gastronok is heavily wounded.
The shadow barely misses you.
You hit Gastronok.
Gastronok is heavily wounded.
The shadow slips into darkness.
The shadow flickers and vanishes!
Deactivating autopickup; reactivate with Ctrl-A.
Gastronok waves his eye-stalks in wide circles.
The air twists around and strikes you!!
You die...
Your body crumbles into a pile of gold.

##...........~..
.......~~.......
.....#..........
.....#############
.................# #
####.............#.#
#..........####.#
+..........#..w.#
#..........'{S..#
#..........#.....#
#....#.....####..#
.....#.#...... ..#
.....#.#.#...... .#
....#.#.#.#..... .#
#.#.#.#... #
.#.#.#.#...


You could see Gastronok.

Vanquished Creatures
  An ugly thing (D:9)
  2 trolls (D:9)
  A yak (D:10)
  Edmund (D:5)
  A warg (D:9)
  A water moccasin (Sewer)
  2 sky beasts
  5 orc warriors
  4 ogres
  2 centaurs
  3 phantoms
  A kobold brigand (D:9)
  5 bullfrogs
  2 scorpions (D:5)
  A gnoll sergeant (D:9)
  10 wights
  11 killer bees
  A howler monkey (D:8)
  7 jellies
  8 orc priests
  A hound (D:7)
  A gnoll bouda (D:6)
  4 iguanas (D:5)
  2 sleepcaps (D:5)
  Crazy Yiuf (D:5)
  16 orc wizards
  6 gnolls
  7 adders
  3 white imps
  An ufetubus (D:5)
  4 worms
  2 dart slugs
  47 orcs
  6 ball pythons
  7 bats
  15 endoplasms
  4 giant cockroaches
  12 goblins
  9 hobgoblins
  11 jackals
  5 quokkas
  A frilled lizard (D:2)
  17 kobolds
  9 rats
260 creatures vanquished.

Vanquished Creatures (others)
  A human (D:4)
1 creature vanquished.

Grand Total: 261 creatures vanquished

Notes
Turn   | Place    | Note
-------+----------+-------------------------------------------
     0 | D:1      | Gelion the Octopode Shapeshifter began the quest for the
                  | Orb.
     0 | D:1      | Reached XP level 1. HP: 13/13 MP: 1/1
   276 | D:1      | Reached XP level 2. HP: 18/18 MP: 2/2
   613 | D:1      | Found Soihoen's Armour Shoppe.
   933 | D:2      | Found a white marble altar of Elyvilon.
   991 | D:2      | Reached XP level 3. HP: 20/23 MP: 3/3
  1549 | D:2      | Reached XP level 4. HP: 23/29 MP: 4/4
  1800 | D:3      | Found a faded altar of an unknown god.
  2095 | D:3      | Reached skill level 4 in Shapeshifting
  2223 | D:3      | Reached XP level 5. HP: 8/35 MP: 5/5
  2581 | D:3      | Reached XP level 6. HP: 28/41 MP: 6/6
  3153 | D:3      | Found a hazy altar of Hepliaklqana.
  3154 | D:3      | Found a faded altar of an unknown god.
  3469 | D:4      | Reached skill level 5 in Shapeshifting
  3552 | D:4      | Found a white marble altar of Elyvilon.
  3567 | D:4      | Found an ancient bone altar of Kikubaaqudgha.
  3585 | D:4      | Noticed a human
  3587 | D:4      | Killed a human
  3747 | D:1      | Bought a +1 buckler of reflection for 135 gold pieces
  3842 | D:4      | Found a hide-covered altar of Uskayaw.
  3875 | D:4      | Found an ornate altar of the Wu Jian Council.
  4055 | D:5      | Entered Level 5 of the Dungeon
  4078 | D:5      | Reached XP level 7. HP: 27/46 MP: 7/7
  4161 | D:5      | Reached skill level 1 in Shields
  4645 | D:5      | Reached skill level 5 in Unarmed Combat
  4647 | D:5      | HP: 1/38 [ogre/+0 giant club (24)]
  4649 | D:5      | Reached XP level 8. HP: 2/54 MP: 8/8
  4856 | D:5      | Reached skill level 6 in Shapeshifting
  5116 | D:5      | Found a runed translucent door.
  5117 | D:5      | Noticed Crazy Yiuf
  5119 | D:5      | Noticed Edmund
  5373 | D:5      | Killed Edmund
  5374 | D:5      | Killed Crazy Yiuf
  5865 | D:6      | Reached skill level 5 in Fighting
  5878 | D:6      | Found a glowing drain.
  5892 | Sewer    | Entered a sewer
  5922 | Sewer    | Reached XP level 9. HP: 58/61 MP: 9/9
  6033 | D:6      | Reached skill level 7 in Shapeshifting
  6058 | D:6      | Found a staircase to the Ecumenical Temple.
  6063 | Temple   | Entered the Ecumenical Temple
  6079 | Temple   | Became a worshipper of Gozag Ym Sagoz the Greedy
  7002 | D:7      | Found a runed translucent door.
  7003 | D:7      | Found a burning altar of Makhleb.
  7003 | D:7      | Noticed a sixfirhy
  7383 | D:7      | Found a radiant altar of Vehumet.
  7390 | D:7      | Found a snail-covered altar of Cheibriados.
  7509 | D:8      | Reached skill level 8 in Shapeshifting
  8192 | D:9      | Noticed a troll
  8196 | D:9      | Killed a troll
  8197 | D:9      | Reached XP level 10. HP: 69/69 MP: 10/10
  8461 | D:9      | Noticed a purple ugly thing
  8470 | D:9      | Killed a purple ugly thing
  8849 | D:9      | Found a staircase to the Orcish Mines.
  8853 | D:9      | Reached skill level 9 in Shapeshifting
  9727 | D:9      | Found Roatyrgh's Weapon Shop.
  9729 | D:9      | Identified the +0 robe of Grace {Harm rPois Str+3 SInv}
  9943 | D:10     | Entered Level 10 of the Dungeon
  9975 | D:10     | Noticed a two-headed ogre
 10202 | D:10     | Found an iron altar of Okawaru.
 10493 | D:10     | Noticed Gastronok
 10506 | D:10     | Killed from afar by Gastronok

Illustrated notes

Levels and vault maps discovered:
D:1:      co_arrival_hexagon_in_a_hexagon, layout_loops_corners, serial_forest,
          infiniplex_forest_end_3, infiniplex_forest_clump_cross,
          infiniplex_forest_lined_3, infiniplex_forest_clump_small,
          infiniplex_forest_clump_long, infiniplex_forest_lined_3,
          infiniplex_forest_diagonal, serial_shops, shop
D:2:      cheibrodos_old_hovel, layout_loops_ring, basic_altar, minivault_27
D:3:      cheibrodos_fertilizer, layout_loops_ring,
          beargit_hepliaklqana_dungeon_heroes, nicolae_ecumenical_pavilion,
          grunt_decor_clamped, small_statue_intersection,
          kennysheep_big_empty_room
D:4:      kennysheep_the_goblin_king, layout_cave_pools,
          mainiacjoe_overflow_big_doors, nzn_wu_jian_contemplation,
          tgw_kikubaaqudgha, serial_column_ruins, column_ruins_open_medium,
          column_ruins_open_medium_water, column_ruins_grid_1,
          column_ruins_open_small_water, column_ruins_grid_1,
          column_ruins_open_small, column_ruins_open_tiny,
          nicolae_elevator_lobby_asterisk
D:5:      layout_basic, kennysheep_generic_room_7, uniq_crazy_yiuf_cottage,
          uniq_edmund
D:6:      layout_cave_pools, minmay_temple_entry_grid, portal_sewer_entry_b,
          minmay_a_box_with_orc_wizards_in_it
D:7:      layout_layer_cave, mainiacjoe_overflow_catwalk_spiral,
          nzn_makhleb_speed_demon, chequers_serial_rivers_large_a, minivault_14
D:8:      layout_rooms
D:9:      layout_long_grid, erik_orc_3, serial_shops, nicolae_stop_n_shop_1
D:10:     layout_irregular_city, nicolae_overflow_crystal_walls,
          mainiacjoe_overflow_chevrons, ebering_ghost_disaster_area,
          serial_rivers, chequers_serial_rivers_micro_d,
          chequers_serial_rivers_small_3, chequers_serial_rivers_small_3,
          chequers_serial_rivers_micro_e, chequers_serial_rivers_small_a,
          nicolae_the_louvre, uniq_gastronok
Temple:   hc_temple_tempest_star

Skill      XL: |  1  2  3  4  5  6  7  8  9 10 |
---------------+-------------------------------+-----
Fighting       | 2 3 4 5 6 7 |  7.6
Shapeshifting  | 4 5 6 8 9 |  9.6
Unarmed Combat | 4 5 7 8 |  8.2
Shields        | 2 3 4 |  4.0
Dodging        | |  2.0

Action                     |  1- 3 |  4- 6 |  7- 9 | 10-12 || total
---------------------------+-------+-------+-------+-------++-------
  Melee: Unarmed           |    55 |   145 |   233 |   163 ||   596
         Constrict         |    16 |    31 |    52 |    36 ||   135
         Tentacles         |    10 |    27 |       |       ||    37
         Punch             |     1 |     4 |       |       ||     5
 Invoke: Call Merchant     |       |       |       |     1 ||     1
  Evoke: Wand              |       |       |     5 |       ||     5
    Use: Potion            |       |     1 |     1 |     1 ||     3
         Scroll            |       |       |    20 |     1 ||    21
   Stab: Sleeping          |     6 |    11 |     1 |       ||    18
         Distracted        |       |     1 |     2 |     2 ||     5
 Armour: Skin              |     5 |    12 |    93 |    50 ||   160
  Dodge: Dodged            |    30 |    53 |    92 |    59 ||   234
  Block: Buckler           |       |     2 |       |       ||     2
         Reflection        |       |     1 |       |       ||     1
   Form: Anaconda          |       |     1 |       |       ||     1

Table legend: (Time is in decaauts)
 A = Elapsed time spent in this place.
 B = Non-inter-level travel time spent in this place.
 C = Inter-level travel time spent in this place.
 D = Time resting spent in this place.
 E = Time spent auto-exploring this place.
 F = Levels seen in this place.
 G = Mean time per level.
                   A        B        C        D        E       F      G
               +--------+--------+--------+--------+--------+-----+--------+
         Total |  10448 |   9736 |    712 |    465 |   7598 |  12 |  870.7 |
       Dungeon |  10343 |   9661 |    682 |    465 |   7555 |  10 | 1034.3 |
        Temple |     32 |      2 |     30 |      0 |      0 |   1 |   32.0 |
         Sewer |     71 |     71 |      0 |      0 |     43 |   1 |   71.0 |
               +--------+--------+--------+--------+--------+-----+--------+

Top non-repeatable levels by time:
     D:9: 1772 daAuts
     D:5: 1744 daAuts
     D:3: 1557 daAuts
     D:1: 970 daAuts
     D:2: 895 daAuts
     D:6: 875 daAuts
     D:8: 795 daAuts
     D:7: 662 daAuts
     D:4: 620 daAuts
    D:10: 448 daAuts
   Sewer: 71 daAuts
  Temple: 32 daAuts
